 Dungeon Crawl Stone Soup version 0.21-a0-528-gf531e82 (webtiles) character file.

247 slep the Chopper (level 6, -4/32 HPs)
             Began as a Vine Stalker Gladiator on Dec 9, 2017.
             Slain by slep's ghost (7 damage)
             ... on level 3 of the Dungeon.
             The game lasted 00:09:41 (2416 turns).

slep the Chopper (Vine Stalker Gladiator)           Turns: 2416, Time: 00:09:42

Health: -4/32      AC:  5    Str: 17    XL:     6   Next: 11%
Magic:  0/7        EV: 13    Int:  8    God:
Gold:   144        SH:  0    Dex: 17    Spells: 5/5 levels left

rFire    . . .     SeeInvis .   a - +0 war axe
rCold    . . .     Gourm    .   (no shield)
rNeg     . . .     Faith    .   b - +0 leather armour
rPois    .         Spirit   +   c - +0 helmet
rElec    .         Reflect  .   h - +0 cloak
rCorr    .         Harm     .   (no gloves)
MR       .....                  (no boots)
Stlth    ++........             (no amulet)
HPRegen  0.50/turn              p - -2 ring of slaying (curse)
MPRegen  0.10/turn              (no ring)

@: no status effects
A: fangs 2, regeneration 1, magic shield, antimagic bite, no potion heal 3, rot
immunity
a: no special abilities


You were on level 3 of the Dungeon.
You were not hungry.

You visited 1 branch of the dungeon, and saw 3 of its levels.

You collected 144 gold pieces.

Inventory:

Hand Weapons
 a - a +0 war axe (weapon)
 o - a +1 hunting sling of flaming
Missiles
 d - 3 throwing nets (quivered)
Armour
 b - a +0 leather armour (worn)
 c - a +0 helmet (worn)
 h - a +0 cloak (worn)
Jewellery
 p - a cursed -2 ring of slaying (left hand)
Scrolls
 e - 5 scrolls of identify {unknown}
 k - 3 scrolls of fog {unknown}
 q - a scroll of noise {unknown}
 s - a scroll of remove curse {unknown}
Potions
 g - 2 potions of cancellation {unknown}
 i - a potion of might {unknown}
 n - 2 potions of curing {unknown}
Comestibles
 f - 2 bread rations
 j - 2 meat rations
 l - a royal jelly
 m - 3 fruits


   Skills:
 + Level 2.5 Fighting
 + Level 4.6 Axes
 + Level 1.7 Throwing
 + Level 1.3 Armour
 + Level 3.2 Dodging
 + Level 1.4 Stealth


You had 5 spell levels left.
You didn't know any spells.

Dungeon Overview and Level Annotations

Branches:
Dungeon (3/15)

Altars:
Ashenzari

Annotations:
D:3 Grinder; slep's ghost, weakling DsGl


Innate Abilities, Weirdness & Mutations

You have extremely sharp teeth.
Your natural rate of healing is unusually fast.
When hurt, damage is shared between your health and your magic reserves.
Your bite disrupts and absorbs the magic of your enemies.
Potions cannot restore your health.
You are immune to rotting.


Message History

Slep's ghost whispers, "Soon you will have time, lots of time..."
Slep's ghost completely misses you.
The orc priest mumbles some strange prayers to Beogh against you.
Beogh smites you!
* * * LOW HITPOINT WARNING * * *
You hit the orc priest but do no damage.
You bite the orc priest. You drain its power.
You feel invigorated.
You kill the orc priest!
You have reached level 6!
Your experience leads to an increase in your attributes!
Increase (S)trength, (I)ntelligence, or (D)exterity?
You feel stronger.
You miss slep's ghost. You barely miss the orc.
You hit the orc but do no damage. The orc hits you but does no damage. x2
Slep's ghost closely misses you.
You hit the orc.
The orc is heavily wounded.
You hit the orc. You hit slep's ghost but do no damage.
The orc completely misses you. Slep's ghost hits you!
You die...

.......#.#(
#[ .. .....
#. #. ..
..## ... #.
.# ##..
#.#'### #.#
#.....# #
#.....#
#..#)....##
#....@o...#
#.###Wo....#
.......#
###.....#
.....#
..#+## ..#
.##
#########


You could see slep's ghost and 2 orcs.

Vanquished Creatures
  An orc priest (D:3)
  Jessica (D:2)
  Natasha (twice) (D:2)
  4 gnolls (D:3)
  3 adders (D:2)
  2 worms
  2 dart slugs
  A leopard gecko (D:3)
  5 orcs
  8 bats
  A giant cockroach (D:2)
  7 goblins
  6 hobgoblins
  6 jackals (D:2)
  A ball python (D:2)
  5 frilled lizards
  5 kobolds
  6 rats
66 creatures vanquished.

Vanquished Creatures (others)
  7 toadstools (D:3)
7 creatures vanquished.

Grand Total: 73 creatures vanquished

Notes
Turn   | Place    | Note
-------+----------+-------------------------------------------
     0 | D:1      | slep the Vine Stalker Gladiator began the quest for the Orb.
     0 | D:1      | Reached XP level 1. HP: 11/11 MP: 2/2
    80 | D:1      | Reached skill level 3 in Axes
   208 | D:1      | Reached XP level 2. HP: 14/15 MP: 3/3
   625 | D:2      | Found a shattered altar of Ashenzari.
   630 | D:2      | Noticed Natasha
   637 | D:2      | Killed Natasha
   637 | D:2      | Reached XP level 3. HP: 18/18 MP: 4/4
   787 | D:2      | Gained mutation: Your natural rate of healing is unusually fast. [Vine Stalker growth]
   787 | D:2      | Reached XP level 4. HP: 23/23 MP: 5/5
   972 | D:2      | Noticed Jessica
   990 | D:2      | Killed Jessica
  1004 | D:2      | Reached skill level 4 in Axes
  1293 | D:2      | Noticed Natasha
  1302 | D:2      | Killed Natasha
  1302 | D:2      | Reached XP level 5. HP: 17/26 MP: 2/6
  1503 | D:3      | Reached skill level 1 in Stealth
  1529 | D:3      | Reached skill level 1 in Armour
  1673 | D:3      | Noticed Grinder
  1775 | D:3      | Noticed slep's ghost (weakling DsGl)
  2414 | D:3      | HP: 1/27 [orc priest/divine providence (10)]
  2415 | D:3      | Reached XP level 6. HP: 1/32 MP: 2/7
  2416 | D:3      | Slain by slep's ghost

Vault maps used:
D:1:      tarquinn_simple_flora_water_c, minmay_stone_trees_medium
D:2:      serial_forest, infiniplex_forest_lined_corner,
          infiniplex_forest_straight_2, infiniplex_forest_clump_long,
          infiniplex_forest_straight_4, infiniplex_forest_clump_diagonal,
          infiniplex_forest_clump_tiny, evilmike_ruin_ashenzari, uniq_natasha,
          uniq_jessica
D:3:      cheibrodos_fertilizer, gammafunk_temple_overflow_statue, uniq_grinder

Skill      XL: |  1  2  3  4  5 |
---------------+----------------+-----
Axes           | 3 4 |  4.6
Fighting       | 2 |  2.5
Dodging        | 3 |  3.2
Stealth        | 1 |  1.4
Armour         | 1 |  1.3
Throwing       | |  1.7

Action                   |  1- 3 |  4- 6 || total
-------------------------+-------+-------++-------
Melee: War axe           |    76 |   143 ||   219
       Bite              |    22 |    57 ||    79
 Stab: Sleeping          |       |     5 ||     5
  Eat: Chunk             |       |     5 ||     5
Armor: Leather armour    |    38 |    38 ||    76
Dodge: Dodged            |    52 |   109 ||   161

Table legend:
 A = Spawn XP
 B = Non-spawn XP
 C = Spawn XP percentage of total XP
 D = Spawn monster count
 E = Non-spawn monster count
 F = Spawn count percentage of total count
 G = Total turns spent on level
                    A         B        C        D         E        F      G
               +---------+---------+-------+---------+---------+-------+---------
         Total |       0 |     354 |   0.0 |       0 |      66 |   0.0 |  2416
               +---------+---------+-------+---------+---------+-------+---------
           D:1 |       0 |      25 |   0.0 |       0 |      17 |   0.0 |   607
           D:2 |       0 |     216 |   0.0 |       0 |      39 |   0.0 |  1533
           D:3 |       0 |     113 |   0.0 |       0 |      10 |   0.0 |   276
               +---------+---------+-------+---------+---------+-------+---------
